Map: Ruby Rock LE

Players

tatchka - Winner!

  • Race: Terran Terran
  • League: Gold
  • Spawn Location: 11:00

SPowell

  • Race: Terran Terran
  • League: Platinum
  • Spawn Location: 5:00

VOD

Have the link to the VOD?

Description

Time

  • Played on: May 20, 2026, 3:11 a.m.
  • Length: 13:24
Show
View Real Time Build Order
Export as new Build Order

tatchka Terran - Winner!

Build Orders:  

Get SALT Encoding   

  12  1:14  Command Center  
  12  1:21  SCV  
  12  1:22  Refinery  
  12  1:23  Supply Depot  
  13  1:33  SCV  
  14  1:45  SCV  
  15  1:50  Barracks  
  15  1:57  SCV  
  16  2:03  Command Center  
  16  2:10  SCV  
  17  2:30  SCV  
  18  2:37  Refinery  
  18  2:38  Factory  
  18  2:41  Barracks Tech Lab  
  18  2:47  SCV  
  18  2:50  SCV  
  20  3:00  Marine  
  21  3:16  Bunker, SCV  
  21  3:17  SCV, Marine  
  24  3:23  SCV  
  25  3:32  Starport  
  25  3:42  SCV  
  25  3:44  SCV  
  27  3:49  SCV  
  27  3:54  Marine  
  29  4:01  Refinery  
  29  4:02  Refinery  
  29  4:08  SCV  
  29  4:09  SCV  
  31  4:11  SCV  
  31  4:12  Marine  
  33  4:25  Starport  
  33  4:30  Starport  
  33  4:36  SCV x2  
  36  4:38  SCV  
  36  4:48  Starport Tech Lab  
  36  5:04  Fusion Core  
  36  5:08  Barracks Tech Lab  
  36  5:10  Starport Tech Lab  
  36  5:14  SCV x3  
  36  5:18  Viking  
  32  5:33  Viking  
  30  5:59  Viking  
  30  6:50  Orbital Command  
  30  7:15  Orbital Command  
  30  7:19  Orbital Command, Siege Tank  
  30  7:21  Viking  
  35  7:26  Starport Reactor  
  35  8:13  Supply Depot  
  35  8:17  Supply Depot  
  35  8:18  Weapon Refit  
  35  8:24  Starport  
  35  8:30  Supply Depot  
  35  8:34  SCV, Battlecruiser  
  35  8:38  Battlecruiser  
  48  8:53  SCV x2  
  50  9:02  Battlecruiser  
  56  9:08  SCV x2  
  58  9:10  Supply Depot  
  58  9:32  SCV  
  58  9:33  SCV  
  60  9:39  Battlecruiser  
  66  9:58  Supply Depot  
  66  10:00  Supply Depot  
  66  10:13  Battlecruiser  
  67  10:31  Battlecruiser  
  73  10:59  SCV x2  
  75  11:21  Battlecruiser  
  81  11:33  SCV x2  
  83  12:17  Battlecruiser  
  83  12:18  Supply Depot  
  83  12:19  Supply Depot  
  83  12:22  Armory  
  89  12:26  SCV x2  
  89  12:28  Command Center  
  91  12:38  SCV x2  
  99  12:50  Refinery  
  99  12:54  SCV x2  
  101  13:06  SCV x2  
Show
View Real Time Build Order
Export as new Build Order

SPowell Terran 

Build Orders: 1/1/1 

Get SALT Encoding   

  12  0:00  SCV  
  13  0:12  SCV  
  14  0:24  Supply Depot, SCV  
  15  0:32  Refinery  
  15  0:37  Refinery  
  15  0:50  Barracks  
  15  0:54  SCV  
  16  1:06  SCV  
  16  1:11  Supply Depot  
  17  1:18  SCV  
  18  1:30  SCV  
  19  1:40  Factory  
  19  1:43  Marine  
  20  1:48  SCV  
  21  2:01  SCV, Marine  
  24  2:16  Orbital Command  
  23  2:25  Starport  
  23  2:29  Factory Tech Lab  
  23  2:33  Marine  
  24  2:43  SCV  
  25  2:55  SCV  
  26  3:07  SCV, Starport Tech Lab  
  26  3:08  Fusion Core  
  27  3:15  Starport  
  27  3:19  SCV  
  28  3:25  Supply Depot  
  28  3:31  SCV  
  29  3:39  Supply Depot  
  29  3:43  SCV  
  30  3:59  Battlecruiser  
  36  4:29  Battlecruiser  
  42  4:43  Command Center  
  42  4:47  Factory Tech Lab  
  42  4:57  Engineering Bay  
  42  4:58  SCV  
  43  5:55  Battlecruiser  
  49  6:36  Battlecruiser  
  49  6:39  SCV  
  56  6:42  Refinery  
  56  6:51  SCV  
  51  7:03  SCV  
  52  7:15  SCV  
  53  7:19  Weapon Refit  
  53  7:27  SCV  
  54  7:31  Refinery  
  54  7:39  SCV  
  54  7:42  Supply Depot  
  54  7:44  Supply Depot  
  55  7:51  SCV  
  55  7:56  Battlecruiser  
  62  8:04  SCV  
  62  8:05  Siege Tank  
  66  8:06  Missile Turret x2  
  66  8:16  SCV  
  66  8:19  Command Center  
  67  8:28  SCV  
  67  8:29  Battlecruiser  
  74  8:40  SCV  
  75  8:44  Refinery  
  75  8:51  Missile Turret  
  75  8:52  Refinery, SCV  
  76  9:05  SCV  
  77  9:15  Missile Turret  
  78  9:17  SCV  
  78  9:30  SCV  
  78  9:31  Battlecruiser  
  85  9:36  Siege Tank  
  88  9:39  Missile Turret  
  88  9:42  Missile Turret  
  88  9:43  SCV, Bunker  
  89  10:17  Battlecruiser  
  89  10:30  SCV  
  89  10:31  SCV  
  91  10:37  Starport  
  91  10:40  Starport  
  91  10:43  SCV x2  
  91  10:49  Armory  
  93  10:50  Missile Turret  
  93  10:59  Missile Turret x2  
  93  11:09  Supply Depot  
  93  11:10  Supply Depot  
  93  11:15  Starport Tech Lab  
  93  11:18  Starport Tech Lab  
  93  11:19  Armory  
  93  11:24  Starport  
  93  11:27  Supply Depot  
  93  11:30  Marine, Supply Depot, SCV, Battlecruiser  
  101  11:39  Orbital Command  
  101  11:42  SCV  
  101  11:44  Command Center  
  102  11:48  Marine  
  103  11:54  SCV  
  104  12:06  SCV  
  104  12:08  Fusion Core  
  105  12:09  Missile Turret  
  105  12:10  Starport Tech Lab  
  105  12:18  SCV x3  
  108  12:28  Missile Turret  
  108  12:29  Refinery  
  108  12:30  SCV x2  
  108  12:36  Refinery  
  110  12:42  SCV x2  
  112  12:53  Missile Turret  
  112  12:54  SCV x2  
  112  12:57  Missile Turret  
  114  13:01  Missile Turret  
  114  13:06  SCV  
Tags
 
Matchup
TvT
Opening
1/1/1
Race
Terran
Spawn Locations
Cross Positions
Add a new tag
Caveats
  • Supply blocks, unpowered buildings, or Contaminate may cause inaccurate times.
  • Supply counts are checked every 10 seconds.